 Dungeon Crawl Stone Soup version 0.31-a0-369-g8eba5f6939 (webtiles) character file.

Game seed: 13686888382523366966

1454924 Pooter the Executioner (level 27, 268/268 HPs)
             Began as a Minotaur Berserker on July 24, 2023.
             Was a High Priest of Trog.
             Escaped with the Orb
             ... and 3 runes on July 29, 2023!
             The game lasted 08:33:56 (105222 turns).

Pooter the Executioner (Minotaur Berserker)       Turns: 105222, Time: 08:33:57

Health: 268/268    AC: 51    Str: 41      XL:     27
Magic:  6/6        EV: 20    Int:  7 (8)  God:    Trog [*****.]
Gold:   6825       SH:  0    Dex: 20      Spells: 26/26 levels left

rFire   + + .        b - +9 longbow "Orb Guardian's Doom" {antimagic, Dex+2 Stlth+}
rCold   . . .        (shield currently unavailable)
rNeg    + + +        v - +9 crystal plate armour of Peek-a-Boo {+Blink rElec Str+3 Int+2}
rPois   +            R - +0 mask of the Dragon {Will+ Slay+3 SInv}
rElec   +            K - +4 dragonskin cloak
rCorr   .            V - +0 pair of fencer's gloves {Riposte Dex+3}
SInv    +            o - +2 pair of boots {Fly}
Will    +++..        I - amulet of the Magpie {rPois Regen+ Str+5}
Stlth   +            N - ring of Imomoq {*Slow rF++ rN+++ SInv}
HPRegen 1.44/turn    T - +6 ring of strength
MPRegen 0.10/turn

%: slow self (1%), clarity
@: flying, studying 2 skills
A: horns 2, retaliatory headbutt, clarity, clumsy 1, low MP 1, MP-powered wands
0: Orb of Zot
}: 3/15 runes: serpentine, barnacled, silver
a: Renounce Religion, Evoke Blink, Berserk, Trog's Hand, Brothers in Arms


You escaped.
You worshipped Trog.
Trog was extremely pleased with you.
You visited 12 branches of the dungeon, and saw 52 of its levels.
You visited the Abyss 1 time.
You visited 1 ziggurat, and saw 7 of its levels.
You also visited: Ossuary, Gauntlet, Ice Cave and Desolation.

You collected 9952 gold pieces.
You spent 3127 gold pieces at shops.

Inventory:

Hand Weapons
 a - a +7 heavy executioner's axe
   (Trog gifted it to you on level 4 of the Snake Pit)
 b - the +9 longbow "Orb Guardian's Doom" (weapon) {antimagic, Dex+2 Stlth+}
   (You found it on level 7 of a ziggurat)

   Dex:       It affects your dexterity (+2).
   Stlth:     It makes you more stealthy.
 f - the +7 battleaxe of Wariness {heavy, Str+3}
   (Trog gifted it to you on level 2 of the Elven Halls)

   Str:       It affects your strength (+3).
 n - a +7 spectral eveningstar
   (You found it on level 8 of the Dungeon)
 u - a +4 antimagic executioner's axe
   (Trog gifted it to you on level 1 of the Depths)
Missiles
 g - 20 silver javelins
 m - 59 boomerangs
 p - 4 silver boomerangs
 r - 31 javelins
 O - 7 curare-tipped darts
 W - 18 boomerangs of dispersal {!f}
Armour
 o - a +2 pair of boots of flying (worn)
   (You bought it in a shop on level 2 of the Orcish Mines)
 v - the +9 crystal plate armour of Peek-a-Boo (worn) {+Blink rElec Str+3 Int+2}
   (You acquired it on level 5 of the Lair of Beasts)

   Str:       It affects your strength (+3).
   Int:       It affects your intelligence (+2).
   rElec:     It insulates you from electricity.
   +Blink:    It lets you blink.
 G - the +2 cloak of Zaenis {rF+ rN+ Str-3 Dex+2}
   (You found it on level 6 of a ziggurat)

   Str:       It affects your strength (-3).
   Dex:       It affects your dexterity (+2).
   rF:        It protects you from fire.
   rN:        It protects you from negative energy.
 K - the +4 dragonskin cloak (worn)
   (You took it off Tiamat on level 3 of the Realm of Zot)

   Avatar's Aegis: It grants the wearer a chance to resist fire, cold, poison,
   electricity, acid, and negative energy.
 R - the +0 mask of the Dragon (worn) {Will+ Slay+3 SInv}
   (You found it on level 3 of the Realm of Zot)

   Slay:      It affects your accuracy & damage with ranged weapons and melee
   (+3).
   SInv:      It lets you see invisible.
   Will:      It increases your willpower.
 V - the +0 pair of fencer's gloves (worn) {Riposte Dex+3}
   (You acquired it on level 3 of the Elven Halls)

   Riposte:   It allows the wearer to riposte with melee weapons, swiftly
   retaliating against missed or blocked melee attacks.
   Dex:       It affects your dexterity (+3).
Jewellery
 i - the ring "Eretheagou" {rElec rCorr}
   (You found it in the Desolation of Salt)

   [ring of resist corrosion]

   rElec:     It insulates you from electricity.
   rCorr:     It protects you from acid and corrosion.
 F - the ring "Voligu Igud" {+Blink rF+ Dex-2 SInv}
   (You found it on level 4 of the Shoals)

   [ring of see invisible]

   Dex:       It affects your dexterity (-2).
   rF:        It protects you from fire.
   SInv:      It lets you see invisible.
   +Blink:    It lets you blink.
 I - the amulet of the Magpie (around neck) {rPois Regen+ Str+5}
   (You found it on level 3 of a ziggurat)

   [amulet of regeneration]

   Str:       It affects your strength (+5).
   rPois:     It protects you from poison.
   Regen:     It increases your rate of health regeneration.
 N - the ring of Imomoq (left hand) {*Slow rF++ rN+++ SInv}
   (You took it off a frost giant on level 3 of the Depths)

   [ring of see invisible]

   rF:        It greatly protects you from fire.
   rN:        It renders you almost immune to negative energy.
   SInv:      It lets you see invisible.
   *Slow:     It may slow you when you take damage.
 P - the ring "Nopeg" {rPois rN+ Str+4}
   (You found it on level 3 of the Crypt)

   [ring of positive energy]

   Str:       It affects your strength (+4).
   rPois:     It protects you from poison.
   rN:        It protects you from negative energy.
 T - a +6 ring of strength (right hand)
   (You found it on level 8 of the Dungeon)
Wands
 d - a wand of iceblast (49)
   (You found it on level 4 of the Lair of Beasts)
 x - a wand of polymorph (61)
   (You found it on level 5 of the Dungeon)
 D - a wand of digging (26)
   (You found it on level 8 of the Dungeon)
 H - a wand of mindburst (62)
   (You found it on level 3 of the Elven Halls)
 U - a wand of charming (89)
   (You found it on level 8 of the Dungeon)
 X - a wand of quicksilver (70)
   (You found it on level 5 of the Dungeon)
Scrolls
 e - 12 scrolls of enchant armour
 h - 12 scrolls of fear
 q - 3 scrolls of silence
 s - 9 scrolls of poison {!r}
 t - 9 scrolls of teleportation {@r4}
 B - 4 scrolls of butterflies
 C - 3 scrolls of blinking
 J - 7 scrolls of revelation
 Q - 17 scrolls of fog
 Y - 6 scrolls of noise {!r}
 Z - 9 scrolls of immolation {!r}
Potions
 c - 4 potions of resistance
 j - 9 potions of heal wounds {@q2}
 k - 3 potions of might
 w - 8 potions of attraction {!q}
 y - 5 potions of mutation {!q}
 z - 24 potions of curing {@q1}
 A - 8 potions of haste {@q3}
 E - 6 potions of invisibility
 M - 2 potions of cancellation
Miscellaneous
 l - a box of beasts
   (You found it on level 14 of the Dungeon)
 L - a condenser vane
   (You found it on level 4 of the Snake Pit)
 S - the horn of Geryon
   (You took it off Geryon in the Vestibule of Hell)


   Skills:
 + Level 25.7 Fighting
 + Level 26.2(27) Axes
 - Level 13.4(21.4) Maces & Flails
 - Level 22.1 Ranged Weapons
 - Level 10.8 Throwing
 - Level 25.2 Armour
 + Level 18.6 Dodging
 * Level 20.4 Stealth
 - Level 12.5 Evocations


You had 26 spell levels left.
You didn't know any spells.
Your spell library was empty.

Dungeon Overview and Level Annotations

Branches:
Dungeon (15/15)            Temple (0/1) D:4            Lair (5/5) D:8
 Shoals (4/4) Lair:2        Snake (4/4) Lair:2        Slime (0/5) Lair:5
    Orc (2/2) D:10            Elf (3/3) Orc:2        Vaults (5/5) D:14
  Crypt (3/3) Vaults:3       Tomb (1/3) Crypt:3      Depths (4/4) D:15
   Hell (visited)             Dis (0/7) Hell            Geh (0/7) Hell
    Coc (0/7) Hell            Tar (0/7) Hell            Zot (5/5) Depths:4
Ossuary (visited)           IceCv (visited)         Desolation (visited)
Gauntlet (visited)

Altars:
Cheibriados
Dithmenos
Gozag
Kikubaaqudgha
Makhleb
Qazlal
Ru
Sif Muna
Trog
Wu Jian
Xom
Yredelemnul
Zin
The Shining One
Jiyva
Lugonu

Shops:
D:3 *   Orc:1 ?   Orc:2 [(?(   Elf:2 :   Elf:3 ?[(?   Shoals:1 !   Snake:4 =::
Vaults:1 =   Depths:1 [

Portals:
Hell: Depths:1 Depths:2 Depths:3 Depths:4
Abyss: Depths:1 Depths:2 Depths:3 Depths:4
Pandemonium: Depths:2

Annotations:
Elf:2 3 runed translucent doors
Depths:1 3 runed translucent doors, Ducleet's ghost, veteran MfMo


Innate Abilities, Weirdness & Mutations

You have a pair of horns on your head.
You reflexively headbutt those who attack you in melee.
You possess an exceptional clarity of mind.
You are clumsy. (Dex -2)
Your magical capacity is low. (-10% MP)
You expend magic power (3 MP) to strengthen your wands.


Message History

There is a stone staircase leading down here.
You feel the effects of Trog's Hand fading.
Your skin stops crawling.
You feel less strong-willed.
Things that are here:
a +0 whip; a +0 leather armour
There is a stone staircase leading up here.
You fly upwards.
There is a stone staircase leading down here.
There is a stone staircase leading up here.
You fly upwards.
There is a stone staircase leading down here.
A shadow demon comes into view.
You feel agile.
You feel magic leave you.
b - the +9 longbow "Orb Guardian's Doom" (weapon)
{antimagic, Dex+2 Stlth+} You shoot an arrow.
The arrow hits the shadow demon!
The shadow demon's magic leaks into the air.
You shoot an arrow. The arrow hits the shadow demon.
The shadow demon's magic leaks into the air.
The shadow demon falters for a moment.
You shoot an arrow.
The arrow barely misses the shadow demon.
You shoot an arrow. The arrow hits the shadow demon.
The shadow demon's magic leaks into the air.
You shoot an arrow. The arrow hits the shadow demon!
The shadow demon's magic leaks into the air.
The shadow demon falters for a moment.
You shoot an arrow. The arrow hits the shadow demon!!
The shadow demon's magic leaks into the air.
You shoot an arrow. The arrow hits the shadow demon!!!
You kill the shadow demon!
Trog accepts your kill.
You feel your intelligence returning.
A tormentor comes into view.
You shoot an arrow. The arrow closely misses the tormentor.
You shoot an arrow. The arrow hits the tormentor!
The tormentor's magic leaks into the air.
You shoot an arrow.
The arrow completely misses the tormentor.
The tormentor's magic is no longer disrupted.
You shoot an arrow. The arrow hits the tormentor!!
You kill the tormentor!
Trog accepts your kill.
No target in view!
You see here a +0 short sword.
There is a stone staircase leading up here.
You fly upwards.
There is a stone staircase leading down here.
There is a staircase leading out of the dungeon here.
You have escaped!

#.# #..##..# #.# #.#
#..###.####.# #.#
#..###.#....## #.#
#....#.#.....# #.#
######.##.##.# #.# #.##.##.#
#># #.##.#### #.#
########.#####8##### #.#
#.#@...............# #.#
#.######.#####8###.. #.# #.#
###.#...### ### #.# #.#
#.#.#..##.# #)#
#.####.#.##.##.# #.#
#......#.#..##.# #.#
######.#.##.##.##### #.#
#######.#.#..........
#.########.......#.......#####


There were no monsters in sight!

Vanquished Creatures
  2 dread liches
  Tiamat (Zot:3)
  An ancient lich (Zot:5)
  Khufu (Crypt:2)
  4 orbs of fire (Zot:5)
  3 juggernauts
  Mara (Snake:3)
  A pandemonium lord (D:5)
  Sojobo (Vaults:4)
  A royal mummy (Crypt:2)
  8 Killer Klowns
  Boris (thrice) (Vaults:2 Crypt:2)
  Bai Suzhen (Snake:4)
  Margery (Depths:1)
  10 caustic shrikes
  A curse toe (Crypt:3)
  Frederick (Vaults:4)
  Geryon (Hell)
  16 golden dragons
  2 bone dragons
  Jory (Vaults:4)
  3 doom hounds (Crypt:2)
  2 Tzitzimimeh
  Rupert (Orc:2)
  29 tentacled monstrosities
  A walking crystal tome (Depths:2)
  A Hell Sentinel (D:5)
  2 electric golems
  2 Ice Fiends
  Jorgrun (D:15)
  A hellephant (Depths:3)
  6 liches
  22 Orb Guardians (Zot:5)
  A walking earthen tome (Depths:3)
  6 titans
  Grunn (Crypt:2)
  The ghost of drugrobin the Phalangite, an adept DgDe (Elf:3)
  The ghost of osoart the Warrior, an adept OgSh of Wu Jian (Elf:2)
  16 sphinxes
  5 quicksilver dragons
  3 deep elf master archers
  11 ancient champions
  2 walking divine tomes
  8 death cobs
  4 krakens (Shoals:2)
  Murray (Hell)
  3 tentacled starspawn (Abyss:4)
  Agnes (Snake:4)
  The ghost of Qoro the Sorcerer, an adept DESu of Gozag (Elf:3)
  Kirke (D:14)
  14 shadow dragons
  Donald (Vaults:1)
  2 draconian monks
  8 tengu reavers
  17 storm dragons
  Aizul (Snake:1)
  2 revenants
  8 frost giants
  Roxanne (D:15)
  11 deep elf sorcerers
  The ghost of howech the Slayer, a journeyman MiBe of Trog (Lair:4)
  3 draconian knights
  2 nagarajas (Snake:4)
  9 fire giants
  2 balrugs
  3 ghost moths
  2 draconian scorchers
  12 vault wardens
  5 iron dragons
  An angel (Depths:3)
  Louise (D:15)
  5 spriggan defenders
  A cacodemon (Zig:7)
  5 deep elf elementalists
  3 ghouls
  3 orc warlords
  3 reapers
  7 draconian annihilators
  2 draconian shifters
  24 ironbound preservers
  A caustic shrike skeleton (Crypt:3)
  A demonspawn corrupter (Depths:3)
  5 draconian stormcallers
  5 ironbound thunderhulks
  A demonspawn blood saint (D:15)
  A formless jellyfish (shapeshifter) (Zig:5)
  4 war gargoyles
  The ghost of Hulashix the Severer, a journeyman MiBe of Trog (Elf:3)
  16 stone giants
  26 very ugly things
  A lorocyproca (D:12)
  9 vampire knights
  An eleionoma (shapeshifter) (Zig:5)
  A formless jellyfish (Vaults:4)
  5 green draconians
  3 deep elf demonologists
  10 purple draconians
  2 demonspawn black suns
  5 black draconians
  8 red draconians
  12 yellow draconians
  5 deep elf annihilators
  3 halazid warlocks (Desolation)
  7 white draconians
  11 dire elephants
  3 minotaurs
  8 spark wasps
  Azrael (D:15)
  4 mummy priests
  11 deep elf death magi
  4 iron golems (Hell)
  6 jiangshi
  3 crystal guardians (Desolation)
  2 blizzard demons
  2 green deaths
  An entropy weaver (Vaults:4)
  10 deep elf high priests
  6 merfolk javelineers
  An entropy weaver (shapeshifter) (Vaults:5)
  13 merfolk impalers
  9 ettins
  Josephine (D:14)
  6 ragged hierophants (Desolation)
  8 fire dragons
  4 spriggan zombies
  8 great orbs of eyes
  The ghost of Uveod the Nimble, a journeyman FeEE of Gozag (Lair:4)
  The ghost of Uveod the Nimble, a journeyman FeEE of Gozag (Lair:4)
  36 vault guards
  6 ice dragons
  20 yaktaur captains
  6 hydras
  4 rakshasas
  12 peacekeepers
  4 spriggan air magi
  3 ogre magi
  10 servants of whispers (Desolation)
  12 centaur warriors
  2 fenstrider witch skeletons
  7 merfolk avatars
  8 ironbound frosthearts
  10 anacondas
  A catoblepas (Lair:5)
  6 boulder beetles
  21 dancing weapons
  4 death scarabs (Tomb:1)
  12 satyrs
  10 naga warriors
  A two-headed ogre (shapeshifter) (D:15)
  3 demonic crawlers
  4 merfolk aquamancers (Shoals:3)
  10 tengu warriors
  3 deep troll shamans
  4 death knights
  4 thrashing horrors (Abyss:4)
  8 deep troll earth magi
  5 two-headed ogres
  11 spriggan berserkers
  8 vampire magi
  6 spriggans
  9 death yaks
  13 hell knights
  19 deep elf knights
  10 shock serpents
  9 sun demons
  16 naga sharpshooters
  An orc high priest (Orc:2)
  Nergalle (D:12)
  A shadow wraith (Shoals:1)
  An iron troll (shapeshifter) (Zig:2)
  5 soul eaters
  35 skeletal warriors
  A salamander mystic (Snake:2)
  A titan skeleton (Tomb:1)
  7 skysharks
  13 iron trolls
  A sixfirhy (D:11)
  An anaconda zombie (Crypt:3)
  A fire crab (Vaults:3)
  A spriggan simulacrum (Depths:1)
  A bog body (Crypt:1)
  6 flayed ghosts
  70 deep trolls
  An orb spider (shapeshifter) (Vaults:3)
  2 bunyip zombies
  8 sea snakes
  A spark wasp zombie (Crypt:1)
  13 phantasmal warriors
  14 lindwurms
  17 deep elf archers
  A shadow demon (D:2)
  3 orange crystal statues
  2 glowing orange brains
  4 obsidian statues
  2 swamp dragons (Zot:3)
  A sphinx zombie (Vaults:2)
  18 ironbound convokers
  11 orc knights
  A steelbarb worm (shapeshifter) (Elf:3)
  31 deep elf pyromancers
  A harpy (shapeshifter) (Vaults:4)
  10 mana vipers
  23 deep elf zephyrmancers
  8 wizards
  6 naga ritualists
  An oklob plant (Gauntlet)
  32 harpies
  8 necromancers
  2 orc sorcerers (Orc:2)
  A sphinx skeleton (Crypt:1)
  10 fauns
  50 ugly things
  7 large abominations
  11 manticores
  22 moths of wrath
  9 cyclopes
  A manticore (shapeshifter) (Vaults:5)
  9 salamanders
  24 elephants
  3 rust devils
  2 torpor snails
  9 merfolk sirens
  11 guardian serpents
  A water nymph (shapeshifter) (Depths:1)
  A smoke demon (D:6)
  A frost giant skeleton (Vaults:2)
  38 black mambas
  Joseph (D:7)
  15 vault sentinels
  6 water nymphs
  7 cane toads
  An apocalypse crab (Zig:7)
  6 molten gargoyles
  5 ice statues
  An eye of devastation (Abyss:4)
  14 naga magi
  A storm dragon simulacrum (Crypt:3)
  A cane toad (shapeshifter) (Elf:3)
  A yellow draconian zombie (Crypt:2)
  A yaktaur zombie (Vaults:2)
  7 rime drakes
  An efreet (D:13)
  An ice devil (Hell)
  3 ancient zymes (Abyss:4)
  4 unseen horrors
  An alligator snapping turtle skeleton (Crypt:3)
  2 tormentors
  3 freezing wraiths
  A harpy zombie (Crypt:3)
  2 komodo dragons (shapeshifter)
  9 komodo dragons
  3 tengu conjurers (D:14)
  An anaconda simulacrum (IceCv)
  34 yaktaurs
  A grey draconian skeleton (Crypt:2)
  An unseen horror skeleton (Crypt:3)
  4 meliai
  12 polar bears
  35 merfolk
  6 hornets
  13 guardian mummies
  14 trolls
  A tengu simulacrum (Depths:1)
  5 wind drakes
  6 raiju
  Grinder (D:5)
  8 dream sheep
  A harpy skeleton (Tomb:1)
  78 saltlings
  17 blink frogs
  29 slime creatures
  An ettin zombie (Crypt:3)
  7 snapping turtles
  A satyr zombie (Crypt:1)
  Sigmund (D:5)
  7 air elementals
  A centaur simulacrum (D:14)
  7 vampires
  A jumping spider (shapeshifter) (D:15)
  A dire elephant simulacrum (IceCv)
  13 flying skulls
  19 water elementals
  4 wyverns
  4 ushabtiu (Tomb:1)
  16 wraiths
  3 shadows
  A ynoxinul (Abyss:4)
  51 yaks
  12 starcursed masses (Abyss:4)
  A naga simulacrum (Crypt:3)
  2 basilisks
  A black mamba skeleton (Crypt:2)
  13 golden eyes
  11 chaos spawn
  9 fire elementals
  A redback (shapeshifter) (Zig:7)
  5 redbacks
  4 vampire mosquitoes (D:13)
  A steam dragon (shapeshifter) (Depths:3)
  A neqoxec (Abyss:4)
  2 steam dragons
  7 wargs
  A harpy simulacrum (Crypt:2)
  43 nagas
  2 swamp worms (shapeshifter)
  A faun zombie (Crypt:1)
  4 acid dragons
  A demonspawn zombie (Crypt:2)
  Duvessa (D:5)
  3 floating eyes
  17 hell hounds
  13 water moccasins
  A floating eye (shapeshifter) (Vaults:5)
  13 orc warriors
  12 black bears
  A deep troll skeleton (Crypt:3)
  8 small abominations
  An ice beast (D:7)
  3 sky beasts
  A hornet zombie (Crypt:3)
  An ettin simulacrum (Depths:1)
  2 human skeletons
  14 wolves (Lair:5)
  9 ogres
  16 centaurs
  A hog skeleton (Crypt:3)
  4 phantoms
  5 kobold brigands
  11 bullfrogs
  3 wyvern zombies (Ossuary)
  3 earth elementals
  4 necrophages
  2 water moccasin zombies (Ossuary)
  2 scorpions
  13 wights
  Dowan (D:5)
  A raiju zombie (Crypt:3)
  A troll zombie (D:10)
  2 elephant simulacra (IceCv)
  3 electric eels (Lair:2)
  5 howler monkeys
  5 bullfrog zombies (Ossuary)
  A wolf skeleton (Crypt:1)
  A lava snake (Elf:1)
  3 centaur zombies (Ossuary)
  4 hounds
  3 jellies
  10 orc priests
  Crazy Yiuf (D:5)
  22 mummies
  2 sleepcaps
  Ijyb (D:5)
  3 iguanas
  Natasha (thrice) (D:2)
  17 orc wizards
  3 wolf simulacra (IceCv)
  A polar bear simulacrum (IceCv)
  2 killer bee zombies
  7 ogre zombies (D:10)
  2 hound zombies
  A howler monkey zombie (Ossuary)
  A howler monkey skeleton (Crypt:1)
  An adder (shapeshifter) (Vaults:5)
  10 adders
  A swamp drake skeleton (Crypt:1)
  A white imp (D:6)
  An adder skeleton (Crypt:1)
  A worm (D:4)
  2 dart slugs
  53 orcs
  3 endoplasms
  2 giant cockroaches (D:2)
  5 goblins
  10 hobgoblins
  8 jackals
  27 kobolds
  5 ball pythons
  5 bats
  2 frilled lizards (D:1)
  A frilled lizard skeleton (Crypt:1)
  A gnoll skeleton (Crypt:3)
  A goblin skeleton (Crypt:1)
  6 goblin zombies (D:10)
  2 hobgoblin skeletons
  2 orc skeletons (D:10)
  16 orc zombies (D:10)
  6 rats
  2 fire vortices (Hell)
  A spectral weapon (Zot:5)
  6 starspawn tentacles (Abyss:4)
  18 tentacles (Shoals:2)
2622 creatures vanquished.

Vanquished Creatures (collateral kills)
  A draconian monk (Zot:4)
  A spriggan defender (Depths:3)
  A very ugly thing (Depths:3)
  A shock serpent (Snake:3)
4 creatures vanquished.

Vanquished Creatures (others)
  Nikola (Snake:3)
  A draconian knight (Zot:4)
  2 very ugly things (Depths:3)
  A red draconian (Zot:3)
  A fire dragon (Zot:3)
  A hell knight (Depths:3)
  2 deep elf knights (Elf:2)
  A black mamba (Zig:6)
  A water elemental (Shoals:3)
  8 spectral weapons
  4 starspawn tentacles (Abyss:4)
  34 tentacles (Shoals:2)
57 creatures vanquished.

Grand Total: 2683 creatures vanquished

Notes
Turn   | Place    | Note
-------+----------+-------------------------------------------
     0 | D:1      | Pooter the Minotaur Berserker began the quest for the Orb.
     0 | D:1      | Reached XP level 1. HP: 19/19 MP: 0/0
   125 | D:1      | Reached skill level 4 in Axes
   253 | D:1      | Reached XP level 2. HP: 27/27 MP: 1/1
   820 | D:2      | Reached XP level 3. HP: 33/33 MP: 2/2
   996 | D:2      | Reached ** piety under Trog
  1001 | D:2      | Noticed Natasha
  1009 | D:2      | Killed Natasha
  1010 | D:2      | Reached skill level 5 in Axes
  1014 | D:2      | Noticed Natasha
  1042 | D:2      | Killed Natasha
  1043 | D:2      | Reached XP level 4. HP: 32/41 MP: 3/3
  1258 | D:2      | Noticed Natasha
  1264 | D:2      | Killed Natasha
  1316 | D:3      | Reached skill level 6 in Axes
  1336 | D:3      | Reached skill level 5 in Fighting
  1342 | D:3      | Reached XP level 5. HP: 48/48 MP: 4/4
  1398 | D:3      | Found Riqa Cur's Assorted Antiques.
  1406 | D:3      | Bought a fuming dark potion for 21 gold pieces
  1406 | D:3      | Bought a scroll labelled XEVIC IHOQACYU for 24 gold pieces
  1563 | D:3      | Found a faded altar of an unknown god.
  2060 | D:4      | Reached skill level 1 in Maces & Flails
  2060 | D:4      | Reached XP level 6. HP: 50/56 MP: 5/5
  2108 | D:4      | Reached skill level 7 in Axes
  2170 | D:4      | Found a bloodstained altar of Trog.
  2291 | D:4      | Found a burning altar of Makhleb.
  2537 | D:4      | Found a staircase to the Ecumenical Temple.
  2627 | D:5      | Entered Level 5 of the Dungeon
  2627 | D:5      | Noticed Duvessa
  2627 | D:5      | Noticed Dowan
  2632 | D:5      | Killed Duvessa
  2633 | D:5      | Reached XP level 7. HP: 63/63 MP: 6/6
  2635 | D:5      | Killed Dowan
  2635 | D:5      | Reached *** piety under Trog
  2636 | D:5      | Reached skill level 8 in Axes
  2716 | D:5      | Found a sand-covered staircase.
  2722 | Ossuary  | Entered an ossuary
  2930 | Ossuary  | Reached skill level 9 in Axes
  2958 | Ossuary  | Reached XP level 8. HP: 70/71 MP: 7/7
  3137 | Ossuary  | Reached skill level 10 in Axes
  3137 | Ossuary  | Reached skill level 5 in Maces & Flails
  3243 | D:5      | Noticed Ijyb
  3247 | D:5      | Killed Ijyb
  3277 | D:5      | Noticed Grinder
  3643 | D:5      | Paralysed by Grinder for 4 turns
  3648 | D:5      | Killed Grinder
  3649 | D:5      | Reached XP level 9. HP: 63/81 MP: 8/8
  3722 | D:5      | Reached skill level 11 in Axes
  3748 | D:5      | Found a snail-covered altar of Cheibriados.
  4030 | D:5      | Noticed Sigmund
  4448 | D:5      | Killed Sigmund
  4731 | D:5      | Found a runed translucent door.
  4732 | D:5      | Noticed Crazy Yiuf
  4740 | D:5      | Killed Crazy Yiuf
  5056 | D:6      | Reached skill level 12 in Axes
  5723 | D:6      | Found a glowing silver altar of Zin.
  5725 | D:6      | Found a shimmering altar of Xom.
  5726 | D:6      | Found a sacrificial altar of Ru.
  6319 | D:7      | Reached XP level 10. HP: 83/91 MP: 7/9
  6343 | D:7      | Noticed Joseph
  6356 | D:7      | Killed Joseph
  6357 | D:7      | Reached skill level 13 in Axes
  6884 | D:8      | Reached skill level 10 in Fighting
  6884 | D:8      | Reached skill level 1 in Ranged Weapons
  7277 | D:8      | Found a shadowy altar of Dithmenos.
  7364 | D:8      | Found an opulent altar of Gozag.
  7383 | D:8      | Found a staircase to the Lair.
  7547 | D:8      | Found a shimmering blue altar of Sif Muna.
  7619 | D:8      | Found a glowing golden altar of the Shining One.
  7974 | D:9      | Reached skill level 14 in Axes
  8454 | D:10     | Entered Level 10 of the Dungeon
  8612 | D:10     | Found a staircase to the Orcish Mines.
  8628 | D:10     | Reached skill level 5 in Ranged Weapons
  8649 | D:10     | Reached **** piety under Trog
  8741 | D:10     | Reached XP level 11. HP: 99/101 MP: 10/10
  8755 | D:10     | Noticed a two-headed ogre
  8761 | D:10     | Killed a two-headed ogre
  9451 | Lair:1   | Entered Level 1 of the Lair of Beasts
  9540 | Lair:1   | Reached skill level 15 in Axes
  9717 | Lair:1   | Reached skill level 10 in Maces & Flails
 10545 | Lair:2   | Found a staircase to the Shoals.
 10587 | Lair:2   | You fall into a shaft and drop 1 floor!
 10848 | Lair:2   | Reached XP level 12. HP: 90/111 MP: 8/11
 11322 | Lair:2   | Found a staircase to the Snake Pit.
 11611 | Lair:3   | Noticed a five-headed hydra
 11618 | Lair:3   | Killed a five-headed hydra
 12055 | Lair:3   | Identified a scroll of acquirement
 12055 | Lair:3   | Acquired the +8 longbow "Zephyr" {speed, Dex+3 SInv}
 12055 | Lair:3   | Found the +8 longbow "Zephyr" {speed, Dex+3 SInv}
 12066 | Lair:3   | Noticed an eight-headed hydra
 12073 | Lair:3   | Killed an eight-headed hydra
 12516 | Lair:4   | Found a runed translucent gate.
 12516 | Lair:4   | Found a runed translucent gate.
 12516 | Lair:4   | Found a runed translucent gate.
 12671 | Lair:4   | Reached skill level 1 in Evocations
 12949 | Lair:4   | Noticed Sonja
 12950 | Lair:4   | Sonja changed into Sonja the polar bear
 12950 | Lair:4   | Noticed Sonja
 12952 | Lair:4   | Noticed a five-headed hydra
 12959 | Lair:4   | Killed Sonja the polar bear
 12964 | Lair:4   | Killed a five-headed hydra
 13361 | Lair:4   | Reached skill level 10 in Ranged Weapons
 13672 | Lair:4   | Noticed Uveod's ghost (journeyman FeEE)
 13672 | Lair:4   | Noticed Uveod's ghost (journeyman FeEE)
 13672 | Lair:4   | Noticed howech's ghost (journeyman MiBe)
 13754 | Lair:4   | Identified the +4 chain mail of the Butterfly {Will++}
 13891 | Lair:5   | Entered Level 5 of the Lair of Beasts
 13891 | Lair:5   | Noticed a death yak
 13891 | Lair:5   | Noticed a death yak
 13892 | Lair:5   | Noticed a death yak
 13901 | Lair:5   | Noticed a death yak
 13901 | Lair:5   | Noticed a death yak
 13902 | Lair:5   | Noticed a death yak
 13907 | Lair:4   | Killed a death yak
 13908 | Lair:4   | Killed a death yak
 13912 | Lair:4   | Killed a death yak
 13913 | Lair:4   | Reached XP level 13. HP: 119/119 MP: 9/12
 14181 | Lair:5   | Reached skill level 5 in Armour
 14793 | Lair:5   | Acquired the +9 crystal plate armour of Peek-a-Boo {+Blink
                  | rElec Str+3 Int+2}
 15330 | Lair:5   | Reached skill level 5 in Dodging
 15569 | Lair:5   | Found a viscous altar of Jiyva.
 15569 | Lair:5   | Found a staircase to the Slime Pits.
 16040 | Lair:5   | Reached XP level 14. HP: 95/129 MP: 10/13
 16262 | Lair:5   | Reached ***** piety under Trog
 16448 | Lair:5   | Reached skill level 5 in Evocations
 16721 | Lair:5   | Identified the +9 mace of Raklas {venom, Fragile Str+3
                  | Int+6}
 16976 | Lair:5   | Upgraded the game from 0.31-a0-354-g827e0957a7 to
                  | 0.31-a0-355-g57cb03d3e8
 17198 | Orc:1    | Entered Level 1 of the Orcish Mines
 18767 | Orc:2    | Entered Level 2 of the Orcish Mines
 18949 | Orc:1    | Found Doudui's Magic Scroll Emporium.
 18961 | Orc:1    | Bought a scroll of revelation for 120 gold pieces
 18961 | Orc:1    | Bought a scroll of enchant weapon for 120 gold pieces
 18961 | Orc:1    | Bought a scroll of enchant weapon for 120 gold pieces
 18961 | Orc:1    | Bought a scroll of poison for 64 gold pieces
 18961 | Orc:1    | Bought a scroll of fog for 64 gold pieces
 18961 | Orc:1    | Bought a scroll of blinking for 120 gold pieces
 18961 | Orc:1    | Bought a scroll of identify for 32 gold pieces
 19960 | Orc:2    | Noticed Rupert
 19975 | Orc:2    | Killed Rupert
 20365 | Orc:2    | Received a gift from Trog
 20387 | Orc:2    | Noticed an orc warlord
 20395 | Orc:2    | Killed an orc warlord
 20396 | Orc:2    | Reached skill level 10 in Armour
 20465 | Orc:2    | Noticed a stone giant
 20474 | Orc:2    | Found Kestusch's Antique Weapon Boutique.
 20480 | Orc:2    | Killed a stone giant
 20568 | Orc:2    | Found Geddeny's Magic Scroll Boutique.
 20574 | Orc:2    | Bought a scroll of enchant armour for 75 gold pieces
 20574 | Orc:2    | Bought a scroll of enchant armour for 75 gold pieces
 20574 | Orc:2    | Bought a scroll of revelation for 75 gold pieces
 20574 | Orc:2    | Bought a scroll of blinking for 75 gold pieces
 20574 | Orc:2    | Bought a scroll of immolation for 40 gold pieces
 20574 | Orc:2    | Bought a scroll of enchant weapon for 75 gold pieces
 20973 | Orc:2    | Found a staircase to the Elven Halls.
 21361 | Orc:2    | Found Quxyk's Armour Shop.
 21370 | Orc:2    | Paralysed by an orc sorcerer for 2 turns
 21623 | Orc:2    | Bought a +2 pair of boots of flying for 344 gold pieces
 21654 | Orc:2    | Found Puixog's Weapon Emporium.
 21846 | D:11     | Found a runed translucent door.
 21898 | D:11     | Reached XP level 15. HP: 105/139 MP: 10/14
 21941 | D:11     | Found a frozen archway.
 21951 | D:11     | Found a gate leading to a gauntlet.
 21956 | Gauntlet | Entered a Gauntlet
 21956 | Gauntlet | Found a transporter.
 21956 | Gauntlet | Found a transporter.
 21956 | Gauntlet | Found a transporter.
 22002 | Gauntlet | Found a transporter.
 22017 | Gauntlet | Found a transporter.
 22028 | Gauntlet | Found a transporter.
 22035 | Gauntlet | Identified the ring "Keshrewan" {Will+ Dex+6 Slay-6}
 22063 | Gauntlet | Found a transporter.
 22074 | Gauntlet | Identified the +0 hat of Nyxaxu {rN+ Will+ Dex+3}
 22088 | Gauntlet | Found a transporter.
 22103 | Gauntlet | Identified the +0 plate armour "Dog Zan" {rPois rC+ Dex-4
                  | Slay+5}
 22115 | Gauntlet | Identified the +7 glaive of Purpose {flame, rF+ Str+9
                  | Dex-2}
 22115 | Gauntlet | Identified the +2 battleaxe "Feifeat" {heavy, Int+4}
 22115 | Gauntlet | Identified the +7 chain mail of Koke {rC+ rN+}
 22128 | IceCv    | Entered an ice cave
 22935 | D:12     | Noticed Nergalle
 22946 | D:12     | Killed Nergalle
 23038 | D:12     | Received a gift from Trog
 23171 | D:12     | Reached skill level 16 in Axes
 24997 | D:13     | Identified the +0 buckler of Ife Hink {Dex+2}
 25380 | D:13     | Identified the staff of Lies {rElec rPois rF+ Str+2 Poison}
 25841 | D:14     | Found a gate to the Vaults.
 25846 | D:14     | Reached skill level 15 in Fighting
 26039 | D:14     | Noticed Josephine
 26046 | D:14     | Killed Josephine
 26231 | D:14     | Reached skill level 15 in Ranged Weapons
 26436 | D:14     | Noticed Kirke
 26441 | D:14     | Noticed a sphinx
 26441 | D:14     | Killed Kirke
 26442 | D:14     | Reached XP level 16. HP: 149/149 MP: 15/15
 26754 | D:15     | Entered Level 15 of the Dungeon
 26764 | D:15     | Noticed Azrael
 26773 | D:15     | Noticed Jorgrun
 26778 | D:15     | Killed Azrael
 26876 | D:15     | Killed Jorgrun
 26957 | D:15     | Identified the +3 chain mail "Ruelinec" {Dex+8}
 27011 | D:15     | Noticed Louise
 27020 | D:15     | Killed Louise
 27204 | D:15     | Noticed Roxanne
 27227 | D:15     | Killed Roxanne
 27556 | D:15     | Found a staircase to the Depths.
 27715 | D:15     | Upgraded the game from 0.31-a0-355-g57cb03d3e8 to
                  | 0.31-a0-358-gac0dbeb3ab
 27870 | Elf:1    | Entered Level 1 of the Elven Halls
 28995 | Elf:1    | Reached skill level 17 in Axes
 29024 | Elf:1    | Identified the +9 short sword of Cohaukag {heavy, Dex+3}
                  | (Trog gifted it to you on level 1 of the Elven Halls)
 29024 | Elf:1    | Received a gift from Trog
 29200 | Elf:1    | Reached skill level 10 in Dodging
 31118 | Elf:2    | Found Nocsil's Book Emporium.
 31172 | Elf:2    | Identified the +7 battleaxe of Wariness {heavy, Str+3}
                  | (Trog gifted it to you on level 2 of the Elven Halls)
 31172 | Elf:2    | Received a gift from Trog
 31255 | Elf:2    | Noticed an Ice Fiend
 31258 | Elf:2    | Reached XP level 17. HP: 148/158 MP: 14/16
 31411 | Elf:2    | Found a runed translucent door.
 31415 | Elf:2    | Noticed osoart's ghost (adept OgSh)
 31430 | Elf:2    | Killed osoart's ghost
 32021 | Elf:2    | Paralysed by an air elemental for 1 turns
 32272 | Elf:2    | Found a runed translucent gate.
 32273 | Elf:2    | Found a runed translucent gate.
 32273 | Elf:2    | Found a runed translucent gate.
 32300 | Elf:3    | Entered Level 3 of the Elven Halls
 32302 | Elf:3    | Found Sumygger's Magic Scroll Shop.
 32309 | Elf:3    | Bought a scroll of teleportation for 60 gold pieces
 32309 | Elf:3    | Bought a scroll of poison for 80 gold pieces
 32309 | Elf:3    | Bought a scroll of poison for 80 gold pieces
 32309 | Elf:3    | Bought a scroll of fog for 80 gold pieces
 32562 | Elf:3    | Found Onwaak's Antique Weapon Shop.
 33140 | Elf:3    | Found Diasou's Magic Scroll Shoppe.
 33256 | Elf:3    | Bought a scroll of revelation for 97 gold pieces
 33256 | Elf:3    | Bought a scroll of blinking for 97 gold pieces
 33256 | Elf:3    | Bought a scroll of acquirement for 676 gold pieces
 33256 | Elf:3    | Acquired the +0 pair of fencer's gloves {Riposte Dex+3}
 33256 | Elf:3    | Found the +0 pair of fencer's gloves {Riposte Dex+3}
 33296 | Elf:3    | Found a runed translucent gate.
 33296 | Elf:3    | Found a runed translucent gate.
 33296 | Elf:3    | Found a runed translucent gate.
 33298 | Elf:3    | Found Mycwuc's Antique Armour Emporium.
 33300 | Elf:3    | Noticed drugrobin's ghost (adept DgDe)
 33300 | Elf:3    | Noticed Hulashix's ghost (journeyman MiBe)
 33300 | Elf:3    | Noticed Qoro's ghost (adept DESu)
 33305 | Elf:3    | Found the crystal ball of Wucad Mu {*channel}
 33314 | Elf:3    | Killed drugrobin's ghost
 33315 | Elf:3    | Reached skill level 18 in Axes
 33320 | Elf:3    | Killed Hulashix's ghost
 33325 | Elf:3    | Killed Qoro's ghost
 33718 | Elf:3    | Noticed a deep elf master archer
 34362 | Elf:3    | Noticed a deep elf master archer
 34366 | Elf:3    | Identified the orb of Free Expression {*Rage, rC+ rCorr
                  | Dex+3}
 34367 | Elf:3    | Killed a deep elf master archer
 34501 | Elf:3    | Killed a deep elf master archer
 35051 | Elf:3    | Identified the +4 halberd "Xearas" {venom, rF- Will+ Int+2}
 35305 | Elf:3    | Identified the +1 long sword "Alomom" {speed, rElec Will++
                  | Int-5}
 35774 | Shoals:1 | Entered Level 1 of the Shoals
 35799 | Shoals:1 | Found Uleallu's Distillery.
 35802 | Shoals:1 | Bought a potion of invisibility for 144 gold pieces
 35802 | Shoals:1 | Bought a potion of mutation for 144 gold pieces
 35891 | Shoals:1 | Reached XP level 18. HP: 106/169 MP: 10/17
 36285 | Shoals:1 | Reached skill level 15 in Armour
 36815 | Shoals:1 | Reached ****** piety under Trog
 36984 | Shoals:1 | Found a transporter.
 37294 | Shoals:1 | Found a transporter.
 37684 | Shoals:2 | Received a gift from Trog
 39148 | Shoals:1 | Found the +7 captain's cutlass {speed, disarm}
 40139 | Shoals:3 | Received a gift from Trog
 40964 | Shoals:4 | Entered Level 4 of the Shoals
 41294 | Shoals:4 | Identified the ring "Voligu Igud" {+Blink rF+ Dex-2 SInv}
 41328 | Shoals:4 | Reached skill level 19 in Axes
 41525 | Shoals:4 | Received a gift from Trog
 41667 | Shoals:4 | Reached skill level 1 in Throwing
 41667 | Shoals:4 | Reached XP level 19. HP: 179/179 MP: 13/18
 41920 | Shoals:4 | Got a barnacled rune of Zot
 42542 | Snake:1  | Entered Level 1 of the Snake Pit
 42670 | Snake:1  | You are sucked into a shaft and drop 1 floor!
 43174 | Snake:1  | Noticed Aizul
 43182 | Snake:1  | Killed Aizul
 43394 | Snake:1  | Found a stormy altar of Qazlal.
 43780 | Snake:2  | Received a gift from Trog
 45777 | Snake:3  | Noticed Mara
 45784 | Snake:3  | Reached skill level 1 in Stealth
 45784 | Snake:3  | Noticed Pooter's illusion
 45798 | Snake:3  | Identified the +3 mace of Jyfanelo {flame, +Blink Stlth+}
 47187 | Snake:3  | Noticed Pooter's illusion
 47479 | Snake:3  | Killed Mara
 47874 | Snake:3  | Noticed Nikola
 47889 | Snake:3  | Killed Nikola
 48172 | Snake:4  | Entered Level 4 of the Snake Pit
 48891 | Snake:4  | Identified the +9 dire flail "Haboteo" {flame, rCorr Str+5}
                  | (Trog gifted it to you on level 4 of the Snake Pit)
 48891 | Snake:4  | Received a gift from Trog
 49128 | Snake:4  | Found Ygom's Book Emporium.
 49129 | Snake:4  | Found Feofaf's Jewellery Shop.
 49130 | Snake:4  | Found Foleqaaw's Book Emporium.
 49931 | Snake:4  | Reached XP level 20. HP: 189/189 MP: 19/19
 50188 | Snake:4  | Got a serpentine rune of Zot
 50214 | Snake:4  | Noticed Bai Suzhen
 50216 | Snake:4  | Noticed Agnes
 50223 | Snake:4  | Killed Agnes
 50228 | Snake:4  | Killed Bai Suzhen
 50228 | Snake:4  | Received a gift from Trog
 50740 | Lair:4   | Killed howech's ghost
 50747 | Lair:4   | Killed Uveod's ghost
 50747 | Lair:4   | Killed Uveod's ghost
 50763 | Lair:4   | Identified the +0 scale mail of Cynicism {rF+++ rC- Will-
                  | Int+7}
 50887 | Shoals:1 | Reached skill level 5 in Throwing
 51410 | D:14     | You are sucked into a shaft and drop 1 floor!
 52345 | Vaults:1 | Entered Level 1 of the Vaults
 52402 | Vaults:1 | Noticed Donald
 52414 | Vaults:1 | Killed Donald
 52899 | Vaults:1 | Reached skill level 20 in Axes
 53088 | Vaults:1 | Found a crumbling gateway.
 53095 | Desolati | Entered the Desolation of Salt
 53425 | Desolati | Received a gift from Trog
 53929 | Desolati | Reached skill level 10 in Evocations
 53989 | Desolati | Identified the ring "Eretheagou" {rElec rCorr}
 53996 | Desolati | Identified the amulet of Jougirru {RegenMP Dex+2}
 54026 | Desolati | Identified the ring of Gifec {rElec rF+}
 54040 | Desolati | Identified the +8 whip of Charity {holy, rC- rN+ Str-3
                  | Dex+4}
 54302 | Desolati | Identified the +1 leather armour of Polish {Regen+ MP+9
                  | Dex-5}
 54520 | Vaults:1 | Upgraded the game from 0.31-a0-358-gac0dbeb3ab to
                  | 0.31-a0-360-gb3e1d13bf4
 54581 | Vaults:1 | Reached XP level 21. HP: 187/199 MP: 17/20
 54588 | Vaults:1 | Reached skill level 5 in Stealth
 54806 | Vaults:1 | Received a gift from Trog
 55189 | Vaults:1 | Identified the +8 mace of Optimality {flame, rC+ rCorr}
 55297 | Vaults:1 | Found Paemuodd's Jewellery Shop.
 55306 | Vaults:1 | Bought a ring of see invisible for 225 gold pieces
 55884 | Vaults:2 | Noticed Boris
 55893 | Vaults:2 | Killed Boris
 55991 | Vaults:2 | Received a gift from Trog
 57929 | Vaults:3 | Reached skill level 21 in Axes
 58268 | Vaults:3 | Found a staircase to the Crypt.
 58492 | Vaults:4 | Received a gift from Trog
 58692 | Vaults:4 | Noticed Frederick
 58705 | Vaults:4 | Killed Frederick
 59358 | Vaults:4 | Reached XP level 22. HP: 210/210 MP: 21/21
 59395 | Vaults:4 | Noticed Jory
 59409 | Vaults:4 | Killed Jory
 59867 | Vaults:4 | Received a gift from Trog
 59867 | Vaults:4 | Noticed Sojobo
 59886 | Vaults:4 | Killed Sojobo
 59907 | Vaults:4 | Noticed a dread lich
 60069 | Vaults:4 | Killed a dread lich
 60076 | Vaults:4 | Found the +2 cloak of the Thief {*Fog Slay-2 SInv Stlth+}
 60424 | Vaults:4 | Reached skill level 10 in Stealth
 60755 | Depths:1 | Entered Level 1 of the Depths
 61095 | Depths:1 | Received a gift from Trog
 61171 | Depths:1 | Noticed Margery
 61179 | Depths:1 | Found a gateway to Hell.
 61182 | Depths:1 | Killed Margery
 61193 | Depths:1 | Reached skill level 10 in Throwing
 61355 | Depths:1 | Found a one-way gate to the infinite horrors of the Abyss.
 61403 | Depths:1 | Found Fupleula's Armour Shoppe.
 61407 | Depths:1 | Found a runed translucent gate.
 61410 | Depths:1 | Found a runed translucent gate.
 61411 | Depths:1 | Found a runed translucent gate.
 61411 | Depths:1 | Noticed Ducleet's ghost (veteran MfMo)
 61742 | Depths:2 | Noticed a juggernaut
 61865 | Depths:2 | Killed a juggernaut
 62123 | Depths:2 | Found an ornate altar of the Wu Jian Council.
 62321 | Depths:2 | Reached skill level 22 in Axes
 62836 | Depths:2 | Paralysed by a floating eye for 3 turns
 62859 | Depths:2 | Noticed a caustic shrike
 62864 | Depths:2 | Killed a caustic shrike
 63137 | Depths:2 | Noticed a juggernaut
 63146 | Depths:2 | Killed a juggernaut
 63491 | Depths:2 | Reached XP level 23. HP: 217/220 MP: 20/22
 63529 | Depths:2 | Found a one-way gate leading to the halls of Pandemonium.
 63616 | Depths:2 | Identified the +4 dagger "Nithau" {freeze, rPois Will+
                  | Int+4 Dex+3}
 63721 | Depths:2 | Upgraded the game from 0.31-a0-360-gb3e1d13bf4 to
                  | 0.31-a0-365-gcf821cafb2
 64236 | Depths:3 | Noticed a juggernaut
 64245 | Depths:3 | Killed a juggernaut
 64245 | Depths:3 | Received a gift from Trog
 64296 | Depths:3 | Found a one-way gateway to a ziggurat.
 65116 | Depths:3 | Found a glowing golden altar of the Shining One.
 65184 | Depths:3 | Paralysed by a floating eye for 4 turns
 65258 | Depths:3 | Received a gift from Trog
 66320 | Depths:3 | Identified the ring of Imomoq {*Slow rF++ rN+++ SInv}
 66521 | Depths:4 | Entered Level 4 of the Depths
 67006 | Depths:4 | Noticed a caustic shrike
 67012 | Depths:4 | Noticed a caustic shrike
 67017 | Depths:3 | Killed a caustic shrike
 67035 | Depths:4 | Noticed a caustic shrike
 67040 | Depths:3 | Killed a caustic shrike
 67067 | Depths:4 | Killed a caustic shrike
 67090 | Depths:4 | Noticed a caustic shrike
 67094 | Depths:4 | Killed a caustic shrike
 68635 | Depths:4 | Reached XP level 24. HP: 232/232 MP: 22/22
 71143 | Depths:4 | Identified the +3 rapier of an ice cave {protect, rElec
                  | Will+ Stlth+}
 71167 | Depths:4 | Found a gate to the Realm of Zot.
 71256 | Depths:4 | Reached skill level 23 in Axes
 71910 | Depths:4 | Found a corrupted altar of Lugonu.
 72042 | Hell     | Entered the Vestibule of Hell
 72043 | Hell     | Noticed Geryon
 72052 | Hell     | Killed Geryon
 72052 | Hell     | Received a gift from Trog
 73302 | Hell     | Found a gateway to the decaying netherworld of Tartarus.
 73620 | Hell     | Noticed Murray
 73632 | Hell     | Killed Murray
 73693 | Hell     | Found a gateway to the ashen valley of Gehenna.
 73731 | Hell     | Found a gateway to the freezing wastes of Cocytus.
 74530 | Hell     | Found a gateway to the Iron City of Dis.
 74940 | Crypt:1  | Entered Level 1 of the Crypt
 76391 | Crypt:1  | Received a gift from Trog
 76595 | Crypt:2  | Noticed Boris
 76613 | Crypt:2  | Noticed Grunn
 76615 | Crypt:2  | Killed Boris
 76869 | Crypt:2  | Killed Grunn
 77441 | Crypt:2  | Noticed Khufu
 77446 | Crypt:2  | Noticed a royal mummy
 77453 | Crypt:2  | Killed a royal mummy
 77454 | Crypt:2  | Killed Khufu
 77455 | Crypt:2  | Reached skill level 15 in Stealth
 77618 | Crypt:2  | Received a gift from Trog
 77807 | Crypt:3  | Entered Level 3 of the Crypt
 77807 | Crypt:3  | Noticed Boris
 77815 | Crypt:2  | Killed Boris
 80021 | Crypt:3  | Reached XP level 25. HP: 207/240 MP: 19/22
 81683 | Crypt:3  | Identified the ring of Xikoaczo {+Blink rF+++ Will- MP+9
                  | SInv}
 81787 | Crypt:3  | Identified the ring "Berune Afits" {Contam rElec Str+2
                  | Int+8 Dex+6}
 82011 | Crypt:3  | Found a basalt altar of Yredelemnul.
 82023 | Crypt:3  | Found an ancient bone altar of Kikubaaqudgha.
 82037 | Crypt:3  | Identified the ring "Suetus" {rF- rN+ Int+3 SInv Stlth+}
 82038 | Crypt:3  | Identified the ring "Nopeg" {rPois rN+ Str+4}
 82041 | Crypt:3  | Identified the +1 pair of gloves of Past Mistakes {Str+2
                  | Int+3}
 82208 | Crypt:3  | Identified the ring of the Mpinguari {Will+ rCorr MP+9
                  | Str-2 Int+4}
 82260 | Crypt:3  | Identified the ring "Ynaset" {rF+ rN+ Slay-5 Stlth+}
 82366 | Crypt:3  | Found a staircase to the Tomb.
 82372 | Tomb:1   | Entered Level 1 of the Tomb of the Ancients
 82654 | Tomb:1   | Received a gift from Trog
 84643 | Vaults:5 | Entered Level 5 of the Vaults
 84646 | Vaults:5 | Reached skill level 15 in Dodging
 84681 | Vaults:4 | Identified the +6 battleaxe "Shrieking ETAOIN SHRDLU"
                  | {flame, rPois Str+3} (Trog gifted it to you on level 4 of
                  | the Vaults)
 84681 | Vaults:4 | Received a gift from Trog
 85701 | Vaults:5 | Identified the +3 halberd of Pooter's Destruction
                  | {antimagic, Int+2}
 85974 | Vaults:5 | Reached skill level 24 in Axes
 86560 | Vaults:5 | Identified the +7 great mace "Igaon" {venom, rC+ Int+8}
 86671 | Vaults:5 | Received a gift from Trog
 86884 | Vaults:5 | Identified the +8 quarterstaff of Spite {chaos, rPois rC-
                  | rN+ Str+3}
 87042 | Vaults:5 | Identified the ring of Qauhyh {rPois rF+ rC+ Int+3 Dex+6}
 88210 | Vaults:5 | Identified the staff "Vanlin" {rPois Str+3 Poison}
 88279 | Vaults:5 | Identified the staff "Soaphu Wutiu" {rElec rCorr Int+5
                  | Dex-3 Air}
 88325 | Vaults:5 | Identified the +5 scale mail of the Moon {Fly}
 88467 | Vaults:5 | Reached XP level 26. HP: 216/251 MP: 20/22
 88822 | Vaults:5 | Acquired a manual of Maces & Flails
 88872 | Vaults:5 | Got a silver rune of Zot
 89055 | Vaults:5 | Identified the +8 tower shield of Ciqim {rN+++ Will- Regen+
                  | Int-3}
 89059 | Vaults:5 | Identified the +8 sling of Truth {drain, Str+3}
 89259 | Vaults:5 | Upgraded the game from 0.31-a0-365-gcf821cafb2 to
                  | 0.31-a0-369-g8eba5f6939
 89677 | Zot:1    | Entered Level 1 of the Realm of Zot
 89830 | Zot:1    | Received a gift from Trog
 95435 | Zot:3    | Found the +4 dragonskin cloak
 95435 | Zot:3    | Identified the ring of the Voracious God {Wiz Dex+3}
 95435 | Zot:3    | Noticed Tiamat
 95458 | Zot:3    | Killed Tiamat
 95516 | Zot:3    | Found the +0 mask of the Dragon {Will+ Slay+3 SInv}
 95727 | Zot:3    | Identified the +1 chain mail of Fedhas's Supremacy {rC+}
 95729 | Zot:3    | Identified the +4 scimitar "Biomn" {drain, Drain rElec
                  | rCorr Stlth+}
 95732 | Zot:3    | Identified the +1 spear of Conjuring Doom {flame, Dex+3}
 95752 | Zot:3    | Identified the +4 ring mail of Weightlessness {Harm rF-
                  | rN++ Dex+2}
 96948 | Abyss:4  | Cast into level 4 of the Abyss (Killer Klown)
 96962 | Abyss:4  | Received a gift from Trog
 97066 | Abyss:4  | Found a corrupted altar of Lugonu.
 97105 | Abyss:4  | Reached skill level 25 in Axes
 97204 | Abyss:4  | Found a corrupted altar of Lugonu.
 97248 | Zot:4    | Escaped the Abyss
 97386 | Zot:4    | Reached XP level 27. HP: 206/264 MP: 18/22
 97716 | Zot:4    | Identified the +9 mace "Kuomnuom" {flame, rF++ Will+ Dex+3}
 97776 | Zot:4    | Identified the +5 ring mail of Panentheism {+Blink Will++
                  | Str+2 Stlth-}
 98773 | Zot:5    | Entered Level 5 of the Realm of Zot
100204 | Depths:3 | Identified the +2 battleaxe of the Head {flame, rCorr}
                  | (Trog gifted it to you on level 3 of the Depths)
100204 | Depths:3 | Received a gift from Trog
100214 | Zig:1    | Entered Level 1 of a ziggurat
100217 | Zig:1    | Noticed an orb of fire
100316 | Zig:2    | Entered Level 2 of a ziggurat
100348 | Zig:3    | Entered Level 3 of a ziggurat
100550 | Zig:3    | Identified the amulet of the Magpie {rPois Regen+ Str+5}
100565 | Zig:4    | Entered Level 4 of a ziggurat
100626 | Zig:4    | Identified the ring of the Spinneret {rPois Dex+4 SInv}
100642 | Zig:5    | Entered Level 5 of a ziggurat
100682 | Zig:6    | Entered Level 6 of a ziggurat
100740 | Zig:6    | Identified the +2 cloak of Zaenis {rF+ rN+ Str-3 Dex+2}
100747 | Zig:7    | Entered Level 7 of a ziggurat
100764 | Zig:7    | Gained mutation: Your magical capacity is low. (-10% MP) [a
                  | cacodemon]
100793 | Zig:7    | Found the +9 sword of Zonguldrok {reap}
100799 | Zig:7    | Identified the +9 longbow "Orb Guardian's Doom" {antimagic,
                  | Dex+2 Stlth+}
100811 | Zig:7    | Identified the ring "Quythyne" {Wiz rElec rCorr Str+6
                  | Dex-2}
101140 | Zot:5    | Noticed an ancient lich
101148 | Zot:5    | Killed an ancient lich
101159 | Zot:5    | Noticed an orb of fire
101175 | Zot:5    | Killed an orb of fire
101425 | Zot:5    | Noticed an orb of fire
101439 | Zot:5    | Killed an orb of fire
102673 | Zot:5    | Noticed a dread lich
102685 | Zot:5    | Killed a dread lich
103517 | Zot:5    | Noticed an orb of fire
103517 | Zot:5    | Noticed an orb of fire
103520 | Zot:5    | Gained mutation: You occasionally lose the ability to drink
                  | potions when taking damage. [an orb of fire]
103534 | Zot:5    | Gained mutation: Your magical capacity is very low. (-20%
                  | MP) [an orb of fire]
103541 | Zot:5    | Killed an orb of fire
103545 | Zot:5    | Gained mutation: You are vulnerable to cold. (rC-) [an orb
                  | of fire]
103546 | Zot:5    | Killed an orb of fire
103602 | Zot:5    | Lost mutation: You occasionally lose the ability to drink
                  | potions when taking damage. [potion of mutation]
103602 | Zot:5    | Lost mutation: You are vulnerable to cold. (rC-) [potion of
                  | mutation]
103602 | Zot:5    | Lost mutation: Your magical capacity is very low. (-20% MP)
                  | [potion of mutation]
103602 | Zot:5    | Gained mutation: You expend magic power (3 MP) to
                  | strengthen your wands. [potion of mutation]
104004 | Zot:5    | Reached skill level 26 in Axes
104344 | Zot:5    | Got the Orb of Zot
104388 | Zot:3    | Noticed Xavom the pandemonium lord
104818 | D:13     | Gained mutation: You possess an exceptional clarity of
                  | mind. [a neqoxec]
104822 | D:13     | Gained mutation: You are clumsy. (Dex -2) [a neqoxec]
104984 | D:8      | Noticed Bykkem the pandemonium lord
105067 | D:5      | Noticed Betujiss the pandemonium lord
105073 | D:5      | Killed Betujiss the pandemonium lord
105222 | D:$      | Escaped with the Orb!

Illustrated notes

Levels and vault maps discovered:
D:1:      lemuel_arrival_cross, layout_loops_ring, serial_rivers,
          chequers_serial_rivers_room_b, chequers_serial_rivers_micro_b,
          chequers_serial_rivers_small_a, chequers_serial_rivers_micro_b,
          chequers_serial_rivers_small_b, chequers_serial_rivers_room_b
D:2:      layout_rooms, uniq_natasha
D:3:      layout_basic, shapermc_ecumenical_altar_mp_highgroup, serial_shops,
          nicolae_shop_overgrown_old_shop, chequers_big_river
D:4:      nicolae_BIG_FREAKIN_CUBE, layout_cave_pools, bloody_trog,
          lightli_temple_of_fire, minmay_temple_entry_antechambers,
          kennysheep_generic_room_6
D:5:      layout_cave_pods, mainiacjoe_overflow_tiny_flanked,
          nicolae_ossuary_entry_plus, uniq_crazy_yiuf_cottage, uniq_duvessa,
          uniq_grinder, uniq_ijyb, uniq_sigmund
D:6:      layout_cave_pools, minitemple, palyth_stone_intersect,
          grunt_decor_fettered
D:7:      layout_basic, chequers_serial_rivers_small_3,
          nicolae_figureground_sparkle, uniq_joseph
D:8:      layout_loops_cross, old_standard_altar, lemuel_blue_sif_altar,
          grunt_gozag_breadcrumbs, nicolae_dithmenos_shadow_blocks,
          lair_entry_dummy
D:9:      layout_roguey
D:10:     layout_roguey, zombieorc2_lemuel, feat_on_display
D:11:     cheibrodos_shockbox, layout_cave_pools, gauntlet_entry_generic,
          portal_ice_cave_entry_pillars_1
D:12:     kennysheep_windowed_halls, layout_rooms, uniq_nergalle
D:13:     layout_cave_pools, minivault_12
D:14:     layout_roguey, erik_vaults_2, minmay_gold_behind_fungi, uniq_kirke,
          uniq_josephine
D:15:     gammafunk_enter_depths_forms, layout_basic, fountainhead, uniq_azrael,
          uniq_jorgrun, uniq_louise, uniq_roxanne
Lair:1:   layout_misc_corridors, grunt_megastairs_4, lemuel_fruit_fields,
          lemuel_fruit_tree, lemuel_fruit_fields
Lair:2:   layout_loops_ring, shoals_dummy_entry, nicolae_snake_entry_squirm,
          disabler_island
Lair:3:   layout_roguey, infiniplex_staircase_pool_2
Lair:4:   layout_cave_pods, gammafunk_ghost_cemetery, minivault_27, uniq_sonja
Lair:5:   hangedman_lair_caniforms_friends, layout_regular_city,
          hangedman_lair_in_review, dpeg_slime_entry_corner
Shoals:1: gammafunk_sealed_arena, layout_shoals, serial_shops,
          nicolae_shop_tiny_real_fake_doors, nicolae_shoals_hidden_pirate_stash
Shoals:2: layout_shoals, nicolae_shoals_kraken_party
Shoals:3: layout_shoals, st_sunken_temple
Shoals:4: shoals_end_hellmonk_lost_city
Snake:1:  layout_onion, basic_altar, uniq_aizul
Snake:2:  layout_layer_cave
Snake:3:  layout_gridlike, st_stairs_13, nicolae_snake_flat_spine, uniq_mara,
          uniq_nikola
Snake:4:  hellmonk_snake_rune_quicksilver_temple, layout_misc_corridors,
          minmay_shop_grove, uniq_bai_suzhen, uniq_agnes
Orc:1:    layout_caves, serial_shops, shop_scrolls
Orc:2:    hellmonk_orc_salted, layout_diamond_mine, nicolae_orc_pool_cavern,
          nicolae_orc_bridge_out, uniq_rupert
Elf:1:    eino_elf_arrival_the_gate, layout_loops_corners,
          hangedman_corner_corridor, dk_noncrumbling_2, minivault_8
Elf:2:    nicolae_elf_blades_crystal_corner, layout_onion_city,
          ebering_ghost_inner_flame, serial_shops, nicolae_stop_n_shop_2
Elf:3:    minmay_elf_hall_x, layout_gridlike, gammafunk_ghost_cemetery,
          serial_shops, nicolae_shop_peninsula, shop, shop, shop,
          grunt_ministairs_15, st_stairs_9, nicolae_elf_crossing_hall
Vaults:1: portal_desolation_entry_nicolae_slug, vaults_dpeg_ring,
          nicolae_vaults_security_offices_4, nicolae_vaults_wrenched,
          nicolae_vaults_closet_pinwheel_6, nicolae_vaults_weapon_check,
          nicolae_vaults_trapezoid_layered, nicolae_vaults_asterisk,
          v_pattern_5, hangedman_vaults_stretched_pinwheel,
          ontoclasm_vaults_loading_screen, v_rooms_4, layout_vaults_maze_bifur,
          serial_shops, nicolae_shop_waterfront, uniq_donald
Vaults:2: nicolae_vaults_yaktaur_gun_rack, v_misc_23, hangedman_vaults_pinch,
          hangedman_vaults_corner, hangedman_vaults_restitches,
          nicolae_vaults_trapezoid_2, nicolae_vaults_little_ls,
          hangedman_vaults_capsules, layout_vaults_omnigrid, uniq_boris
Vaults:3: hangedman_vaults_maws, minmay_crypt_entry_simple_round, v_rooms_5,
          nicolae_vaults_tetromino_Z_2, ontoclasm_vaults_gallery,
          hangedman_vaults_nails, vaults_mumra_lcd,
          nicolae_vaults_diagonal_hallway_8, nicolae_vaults_three_branches,
          nicolae_vaults_ring_of_whatevers, v_misc_4,
          nicolae_vaults_mini_display_case, layout_vaults_omnicross
Vaults:4: v_misc_32, nicolae_vaults_big_ls, dpeg_vaults_waves, v_rooms_6,
          nicolae_vaults_storage_closets_3, nicolae_vaults_trapezoid_lopsided_2,
          nicolae_vaults_stepped_doors, nicolae_vaults_closet_pinwheel_1,
          nicolae_vaults_house_3, nicolae_vaults_trapezoid_1,
          nicolae_vaults_trapezoid_4, v_misc_25, layout_vaults_ring,
          uniq_frederick, uniq_sojobo, uniq_jory
Vaults:5
Crypt:1:  layout_chaotic_city, grunt_ministairs_14, minivault_24,
          grunt_crypt_arrival_webbed
Crypt:2:  layout_regular_city, minmay_misc_feat_ornament, minivault_23,
          uniq_khufu, uniq_grunn
Crypt:3:  lightli_unholy_cathedral, layout_chaotic_city,
          tomb_entry_shell_bobbens, uniq_josephina
Tomb:1
Depths:1: layout_roguey, abyss_entry, serial_shops, shop, grunt_metal_band,
          gammafunk_ghost_tricky_traps, minmay_mirror_moons_of_madness,
          serial_bayou_shore_b
Depths:2: minmay_swirls_squares, layout_honeycomb, pan_entry, abyss_entry,
          pf_hell_entry_great_geh, pdpol_wu_jian_five_deadly_venoms,
          grunt_decor_clamped
Depths:3: grunt_twisty_corner, layout_gridlike, enter_ziggurat_f,
          minmay_room_of_horrors, hell_entry, nicolae_tso_swordbearing_angel,
          serial_bayou_shore_b, infiniplex_staircase_pillars_2
Depths:4: grunt_crosshair, layout_basic, abyss_entry_flame_altar,
          serial_bayou_shore_a, hell_entry
Hell
Zot:1:    layout_concentric_octagons
Zot:2:    layout_concentric_octagons, grunt_megastairs_2
Zot:3:    layout_gridlike, st_grand_hoard_of_tiamat
Zot:4:    layout_gridville, grunt_megastairs_5
Zot:5:    layout_cathedral_of_symmetry

Skill      XL: |  1  2  3  4  5  6  7  8  9 10 11 12 13 14 15 16 17 18 19 20 21 22 23 24 25 26 27 |
---------------+----------------------------------------------------------------------------------+-----
Axes           | 4 5 6 7 9 10 12 14 15 16 17 18 19 20 21 22 23 24 25 26 | 26.2
Fighting       | 4 5 6 8 9 10 11 12 13 14 15 16 17 18 19 20 21 22 23 24 25 | 25.7
Maces & Flails | 1 2 4 5 7 8 10 12 13 | 13.4
Ranged Weapons | 5 8 10 12 13 15 16 18 19 20 21 22 | 22.1
Armour         | 4 7 10 12 14 18 21 23 24 25 | 25.2
Evocations     | 2 4 5 7 8 9 10 11 12 | 12.5
Dodging        | 4 6 7 9 10 11 12 13 14 15 17 18 | 18.6
Throwing       | 1 4 6 8 10 | 10.8
Stealth        | 2 4 8 11 13 15 16 18 20 | 20.4

Action                     |  1- 3 |  4- 6 |  7- 9 | 10-12 | 13-15 | 16-18 | 19-21 | 22-24 | 25-27 || total
---------------------------+-------+-------+-------+-------+-------+-------+-------+-------+-------++-------
  Melee: Hand axe          |    72 |    52 |       |       |       |       |       |       |       ||   124
         Headbutt          |    10 |    19 |    60 |    72 |   125 |   116 |   158 |   200 |   177 ||   937
         Punch             |     1 |       |       |     2 |    10 |     3 |     1 |       |       ||    17
         Morningstar       |       |    46 |   293 |    17 |       |       |       |       |       ||   356
         War axe           |       |       |       |   189 |    86 |       |       |       |       ||   275
         Eveningstar       |       |       |       |   135 |   453 |   160 |     6 |       |       ||   754
         Battleaxe         |       |       |       |       |    12 |   342 |   160 |       |       ||   514
         Executioner's axe |       |       |       |       |       |     6 |   427 |   671 |   606 ||  1710
   Fire: Shortbow          |       |       |       |     9 |       |       |       |       |       ||     9
         Longbow           |       |       |       |   127 |   414 |   766 |   775 |   700 |  1129 ||  3911
  Throw: Dart              |       |     4 |     6 |       |       |       |       |     1 |       ||    11
         Boomerang         |       |       |     7 |    12 |    10 |     9 |       |     9 |     6 ||    53
 Invoke: Berserk           |       |     2 |    10 |     8 |    15 |     8 |     7 |     8 |     3 ||    61
         Trog's Hand       |       |     1 |     9 |    15 |    15 |    26 |    23 |    19 |    29 ||   137
         Brothers in Arms  |       |       |       |       |       |       |       |     1 |       ||     1
Ability: Evoke Blink       |       |       |       |       |       |     1 |       |     1 |     2 ||     4
  Evoke: Wand              |       |       |    16 |     4 |       |     6 |    14 |     8 |    13 ||    61
         Box of beasts     |       |       |       |       |       |       |     1 |       |       ||     1
         Condenser vane    |       |       |       |       |       |       |       |     1 |       ||     1
         Horn of Geryon    |       |       |       |       |       |       |       |       |     1 ||     1
    Use: Scroll            |     3 |     2 |     4 |    25 |    13 |     6 |     8 |    11 |    16 ||    88
         Potion            |       |       |       |     1 |     3 |     5 |     8 |     6 |     6 ||    29
   Stab: Distracted        |       |       |       |     3 |     4 |     3 |       |       |       ||    10
         Invisible         |       |       |       |       |       |     1 |       |       |       ||     1
         Petrifying        |       |       |       |       |       |       |       |     1 |       ||     1
         Betrayed ally     |       |       |       |       |       |       |       |       |     1 ||     1
 Armour: Animal skin       |     6 |       |       |       |       |       |       |       |       ||     6
         Plate armour      |    37 |    70 |       |       |       |       |       |       |       ||   107
         Chain mail        |       |     1 |   159 |   142 |    42 |       |       |       |       ||   344
         Crystal plate arm |       |       |       |       |   534 |   723 |   736 |   661 |   558 ||  3212
  Dodge: Dodged            |    28 |    27 |    98 |   140 |   304 |   487 |   614 |   571 |   638 ||  2907
  Block: Buckler           |     6 |    20 |    39 |     2 |       |       |       |       |       ||    67
Riposte: Battleaxe         |       |       |       |       |       |    36 |    20 |       |       ||    56
         Eveningstar       |       |       |       |       |       |     8 |     1 |       |       ||     9
         Executioner's axe |       |       |       |       |       |       |    66 |    99 |    87 ||   252

Table legend: (Time is in decaauts)
 A = Elapsed time spent in this place.
 B = Non-inter-level travel time spent in this place.
 C = Inter-level travel time spent in this place.
 D = Time resting spent in this place.
 E = Time spent auto-exploring this place.
 F = Levels seen in this place.
 G = Mean time per level.
                   A        B        C        D        E       F      G
               +--------+--------+--------+--------+--------+-----+--------+
         Total | 104821 |  99549 |   5272 |  49155 |  30701 |  64 | 1637.8 |
       Dungeon |  16245 |  14379 |   1866 |   3462 |   7802 |  15 | 1083.0 |
          Lair |   8409 |   7574 |    835 |   2361 |   3991 |   5 | 1681.8 |
        Shoals |   6705 |   6493 |    212 |   2800 |   1718 |   4 | 1676.2 |
     Snake Pit |   7943 |   7797 |    146 |   4594 |   1911 |   4 | 1985.8 |
  Orcish Mines |   5047 |   4824 |    223 |   3377 |    761 |   2 | 2523.5 |
   Elven Halls |   7666 |   7412 |    254 |   3418 |   1920 |   3 | 2555.3 |
        Vaults |  11864 |  11141 |    723 |   4097 |   5165 |   5 | 2372.8 |
         Crypt |   7436 |   7295 |    141 |   4727 |   1759 |   3 | 2478.7 |
          Tomb |   2042 |   2042 |      0 |   1550 |    122 |   1 | 2042.0 |
        Depths |  11952 |  11434 |    518 |   6848 |   2767 |   4 | 2988.0 |
          Hell |   2432 |   2414 |     18 |   1863 |    360 |   1 | 2432.0 |
           Zot |  13678 |  13346 |    332 |   8824 |   1780 |   5 | 2735.6 |
         Abyss |    297 |    297 |      0 |     14 |      0 |   1 |  297.0 |
      Ziggurat |    585 |    585 |      0 |    346 |      0 |   7 |   83.6 |
       Ossuary |    557 |    557 |      0 |    165 |    180 |   1 |  557.0 |
      Ice Cave |    403 |    403 |      0 |    275 |     34 |   1 |  403.0 |
    Desolation |   1394 |   1394 |      0 |    418 |    430 |   1 | 1394.0 |
      Gauntlet |    157 |    157 |      0 |      9 |      0 |   1 |  157.0 |
               +--------+--------+--------+--------+--------+-----+--------+

Top non-repeatable levels by time:
Depths:4: 5433 daAuts
 Crypt:3: 4265 daAuts
   Zot:5: 4099 daAuts
Vaults:4: 3380 daAuts
Vaults:5: 3295 daAuts
   Elf:3: 3224 daAuts
   Zot:3: 3199 daAuts
   Orc:2: 3165 daAuts
Depths:3: 3101 daAuts
   Elf:1: 2734 daAuts
  Lair:5: 2443 daAuts
    Hell: 2432 daAuts
 Snake:4: 2374 daAuts
  Lair:4: 2367 daAuts
   Zot:1: 2335 daAuts
